 Dungeon Crawl Stone Soup version 0.25.0-9-g26727b657a (webtiles) character file.

Game seed: 10737916315082767157

27359 Lidrum the Severer (level 13, -7/100 HPs)
             Began as a Minotaur Berserker on June 21, 2020.
             Was the Champion of Trog.
             Mangled by a white ugly thing (16 damage)
             ... on level 14 of the Dungeon.
             The game lasted 00:46:12 (18501 turns).

Lidrum the Severer (Minotaur Berserker)            Turns: 18501, Time: 00:46:12

Health: -7/100     AC: 17    Str: 28    XL:     13   Next: 3%
Magic:  12/12      EV:  9    Int:  4    God:    Trog [******]
Gold:   887        SH:  0    Dex:  7    Spells: 12/12 levels left

rFire    . . .     SeeInvis +   y - +2 battleaxe (flame)
rCold    + . .     Gourm    .   (shield currently unavailable)
rNeg     . . .     Faith    +   e - +1 plate armour
rPois    .         Spirit   .   (helmet restricted)
rElec    .         Reflect  .   a - +1 cloak
rCorr    .         Harm     .   (no gloves)
MR       .....                  (no boots)
Stlth    ..........             A - amulet of faith
HPRegen  0.26/turn              o - ring of see invisible
MPRegen  0.13/turn              l - ring of protection from cold

@: corroded
A: retaliatory headbutt, hooves 1, horns 2, clumsy 1, MP-powered wands
a: Berserk, Trog's Hand, Brothers in Arms, Renounce Religion


You were on level 14 of the Dungeon.
You worshipped Trog.
Trog was exalted by your worship.
You were near starving.

You visited 1 branch of the dungeon, and saw 14 of its levels.
You also visited: Sewer.

You collected 887 gold pieces.

Inventory:

Hand Weapons
 y - a +2 battleaxe of flaming (weapon)
 C - a +0 executioner's axe
Armour
 a - a +1 cloak (worn)
 e - a +1 plate armour (worn)
Jewellery
 l - a ring of protection from cold (right hand)
 o - a ring of see invisible (left hand)
 A - an amulet of faith (around neck)
 D - an uncursed amulet of reflection {unknown}
Wands
 b - a wand of polymorph (16)
 d - a wand of iceblast (13)
 j - a wand of digging (4)
 v - a wand of enslavement (10)
Scrolls
 g - 6 scrolls of identify
 h - 10 scrolls of remove curse
 k - 2 scrolls of enchant weapon
 p - 7 scrolls of teleportation
 t - 2 scrolls of immolation
 u - 4 scrolls of magic mapping
 w - 3 scrolls of fog
 B - a scroll of enchant armour
 F - a scroll of blinking
Potions
 i - 3 potions of mutation
 m - 3 potions of haste
 n - a potion of cancellation {unknown}
 q - a potion of resistance
 r - 5 potions of flight
 s - a potion of invisibility
 x - 2 potions of degeneration {unknown}
Comestibles
 c - 34 rations


   Skills:
 - Level 5.0 Fighting
 * Level 18.5 Axes
 + Level 16.4 Armour
 - Level 2.3 Dodging


You had 12 spell levels left.
You didn't know any spells.
Your spell library was empty.

Dungeon Overview and Level Annotations

Branches:
Dungeon (14/15)            Temple (0/1) D:6            Lair (0/6) D:10
    Orc (0/2) D:11          Sewer (visited)
 Vaults: D:13-14

Altars:
Dithmenos
Gozag
Hepliaklqana
Kikubaaqudgha
Makhleb
Nemelex Xobeh
Okawaru
Qazlal
Ru
Uskayaw
Vehumet
Yredelemnul
Zin
Beogh

Shops:
D:6 ?   D:8 [   D:10 !

Annotations:
D:12 3 runed translucent doors, MackTheFife's ghost, journeyman OgFi


Innate Abilities, Weirdness & Mutations

You reflexively headbutt those who attack you in melee.
You have a pair of horns on your head.
You have large cloven feet.
You are clumsy. (Dex -2)
You expend magic power (3 MP) to strengthen your wands.


Message History

The white ugly thing engulfs you. The white ugly thing freezes you. You resist.
The brown ugly thing tentacle-slaps you.
You are splashed with acid!
You slice the brown ugly thing!! You burn the brown ugly thing!
You kill the brown ugly thing!
Trog accepts your kill.
You slice the white ugly thing!! You burn the white ugly thing.
The white ugly thing engulfs you. The white ugly thing freezes you! You resist.
* * * LOW HITPOINT WARNING * * *
You completely miss the white ugly thing.
Your kick misses the white ugly thing. You headbutt the white ugly thing!
The white ugly thing is severely wounded.
The white ugly thing engulfs you!
* * * LOW HITPOINT WARNING * * *
The white ugly thing freezes you! You resist.
* * * LOW HITPOINT WARNING * * *
You feel better. The white ugly thing engulfs you.
* * * LOW HITPOINT WARNING * * *
The white ugly thing freezes you! You resist.
You die...

.... #...#
....######...#
.............#
.............#
...(........#
............#
........)...#
.......u<[..#
##.....@....######
#########........
#.....### #.....#
#.....# #(....#
#(....+
#.....o.....#
............#


You could see a white ugly thing.

Vanquished Creatures
  Erolcha (D:13)
  A centaur warrior (D:13)
  Erica (D:8)
  4 two-headed ogres
  Nergalle (D:10)
  2 unseen horrors
  Pikel (D:5)
  8 ugly things
  3 manticores
  Maurice (D:10)
  3 centaur zombies
  Joseph (D:7)
  2 centaur skeletons (D:13)
  3 gargoyles
  2 kobold demonologists (D:11)
  An efreet (D:13)
  6 trolls
  4 slime creatures
  5 hippogriffs
  A shadow (D:11)
  2 wyverns
  3 basilisks
  Menkaure (D:4)
  2 acid dragons
  2 water moccasins
  Duvessa (D:7)
  6 orc warriors
  3 porcupines (D:10)
  2 ice beasts
  A slave (D:4)
  7 sky beasts
  An eye of draining (D:13)
  4 black bears
  2 necrophages
  3 ogres
  3 wolves (D:10)
  3 phantoms
  9 centaurs
  3 crocodiles (D:10)
  6 big kobolds
  Blork the orc (D:4)
  6 bullfrogs
  6 scorpions
  Dowan (D:7)
  14 killer bees
  8 wights
  2 howler monkeys
  7 jellies
  4 crimson imps
  5 hounds
  Crazy Yiuf (D:7)
  4 bullfrog skeletons
  8 orc priests
  Jessica (D:2)
  Ijyb (D:4)
  Terence (D:2)
  2 iguanas
  18 orc wizards
  7 worker ants
  A killer bee zombie (D:10)
  A hound skeleton (D:4)
  Robin (D:4)
  3 worker ant zombies
  15 adders
  3 gnolls (D:8)
  2 shadow imps
  10 oozes
  An adder zombie (D:5)
  An adder skeleton (D:4)
  3 worms
  3 dart slugs
  7 leopard geckos
  57 orcs
  5 ball pythons
  7 giant cockroaches
  15 goblins
  6 hobgoblins
  29 jackals
  9 quokkas
  10 bats
  6 frilled lizards
  45 kobolds
  A leopard gecko skeleton (D:4)
  A leopard gecko zombie (D:9)
  A quokka zombie (D:9)
  34 rats
  2 plants (D:10)
491 creatures vanquished.

Vanquished Creatures (others)
  An iguana (D:5)
  A worker ant (D:5)
  A kobold (D:11)
  A frilled lizard (D:5)
  5 fungi
  7 plants
  11 toadstools (D:2)
27 creatures vanquished.

Grand Total: 518 creatures vanquished

Notes
Turn   | Place    | Note
-------+----------+-------------------------------------------
     0 | D:1      | Lidrum the Minotaur Berserker began the quest for the Orb.
     0 | D:1      | Reached XP level 1. HP: 19/19 MP: 0/0
   269 | D:1      | Reached XP level 2. HP: 21/27 MP: 1/1
   272 | D:1      | Reached skill level 4 in Axes
   598 | D:1      | Reached XP level 3. HP: 33/33 MP: 2/2
   816 | D:2      | Reached ** piety under Trog
   825 | D:2      | Found a glowing silver altar of Zin.
   853 | D:2      | Noticed Jessica
  1136 | D:2      | Killed Jessica
  1136 | D:2      | Reached XP level 4. HP: 38/41 MP: 3/3
  1191 | D:2      | Noticed Terence
  1209 | D:2      | HP: 3/61 [Terence/+0 short sword (4)]
  1210 | D:2      | Killed Terence
  1563 | D:2      | Found a sacrificial altar of Ru.
  1647 | D:2      | Reached skill level 5 in Axes
  1799 | D:2      | Found a stormy altar of Qazlal.
  1852 | D:2      | Noticed a sky beast
  1856 | D:2      | Killed a sky beast
  1856 | D:2      | Reached skill level 5 in Fighting
  1856 | D:2      | Reached XP level 5. HP: 48/48 MP: 4/4
  2014 | D:2      | Reached skill level 6 in Axes
  2014 | D:2      | Reached XP level 6. HP: 41/56 MP: 5/5
  2266 | D:2      | Found a faded altar of an unknown god.
  2328 | D:3      | Found a glowing drain.
  2337 | D:3      | Reached skill level 5 in Armour
  2367 | Sewer    | Entered a sewer
  2451 | Sewer    | Reached *** piety under Trog
  3767 | D:4      | Noticed Robin
  3768 | D:4      | Reached **** piety under Trog
  3784 | D:4      | Reached XP level 7. HP: 61/61 MP: 6/6
  3785 | D:4      | Reached skill level 7 in Axes
  3786 | D:4      | Killed Robin
  4060 | D:4      | Reached ***** piety under Trog
  4118 | D:4      | Noticed Blork the orc
  4133 | D:4      | Killed Blork the orc
  4709 | D:4      | Noticed Ijyb
  4725 | D:4      | Killed Ijyb
  4844 | D:5      | Entered Level 5 of the Dungeon
  4886 | D:5      | Noticed Pikel
  4941 | D:4      | Reached skill level 8 in Axes
  5129 | D:5      | Killed Pikel
  5129 | D:5      | Reached skill level 9 in Axes
  5129 | D:5      | Reached XP level 8. HP: 22/68 MP: 7/7
  5475 | D:5      | Noticed Menkaure
  5506 | D:4      | Killed Menkaure
  5785 | D:5      | Reached skill level 10 in Axes
  6044 | D:5      | Noticed a hippogriff
  6057 | D:5      | Killed a hippogriff
  6328 | D:6      | Found a staircase to the Ecumenical Temple.
  6405 | D:6      | Reached XP level 9. HP: 57/74 MP: 8/8
  6525 | D:6      | Found Jongon's Magic Scroll Boutique.
  7047 | D:6      | Reached skill level 10 in Armour
  7170 | D:7      | Found an ancient bone altar of Kikubaaqudgha.
  7173 | D:7      | Found an opulent altar of Gozag.
  7173 | D:7      | Found a shadowy altar of Dithmenos.
  7174 | D:7      | Found a sparkling altar of Nemelex Xobeh.
  7175 | D:7      | Noticed Duvessa
  7175 | D:7      | Noticed Dowan
  7185 | D:7      | Killed Dowan
  7187 | D:7      | Killed Duvessa
  7305 | D:7      | Received a gift from Trog
  7503 | D:7      | Reached skill level 11 in Axes
  7554 | D:7      | Found a burning altar of Makhleb.
  7776 | D:7      | Noticed Joseph
  7787 | D:7      | Killed Joseph
  7937 | D:7      | Found a runed translucent door.
  7938 | D:7      | Noticed Crazy Yiuf
  7944 | D:7      | Killed Crazy Yiuf
  8014 | D:7      | Found a basalt altar of Yredelemnul.
  8211 | D:7      | Gained mutation: You are clumsy. (Dex -2) [potion of
                  | mutation]
  8211 | D:7      | Gained mutation: You expend magic power (3 MP) to
                  | strengthen your wands. [potion of mutation]
  8211 | D:7      | Gained mutation: You have large cloven feet. [potion of
                  | mutation]
  8211 | D:7      | HP: 4/111 [killer bee (2)]
  8250 | D:7      | Found a hide-covered altar of Uskayaw.
  8785 | D:8      | Noticed Erica
  8815 | D:7      | Reached skill level 12 in Axes
  8979 | D:8      | Killed Erica
  8979 | D:8      | Reached XP level 10. HP: 58/81 MP: 9/9
  9088 | D:8      | Found Zyafempi's Antique Armour Emporium.
 10485 | D:9      | Noticed a two-headed ogre
 10503 | D:9      | Killed a two-headed ogre
 10503 | D:9      | Reached skill level 13 in Axes
 10956 | D:9      | Found a radiant altar of Vehumet.
 10965 | D:9      | Found an iron altar of Okawaru.
 11195 | D:9      | Received a gift from Trog
 11335 | D:9      | Found a hazy altar of Hepliaklqana.
 11566 | D:10     | Entered Level 10 of the Dungeon
 11630 | D:10     | Noticed Nergalle
 11630 | D:10     | Noticed Maurice
 12236 | D:10     | Killed Maurice
 12349 | D:10     | Found a staircase to the Lair.
 12359 | D:10     | Reached skill level 14 in Axes
 12383 | D:10     | Reached XP level 11. HP: 48/86 MP: 10/10
 12801 | D:10     | Killed Nergalle
 13145 | D:10     | Noticed a two-headed ogre
 13151 | D:10     | Killed a two-headed ogre
 13153 | D:10     | Found Zevusyr's Distillery.
 13306 | D:11     | Noticed an unseen horror
 13318 | D:11     | Killed an unseen horror
 13646 | D:11     | Noticed a white ugly thing
 13654 | D:11     | Killed a white ugly thing
 13654 | D:11     | Reached skill level 15 in Axes
 14227 | D:11     | Received a gift from Trog
 14427 | D:11     | Found a staircase to the Orcish Mines.
 14448 | D:11     | Found a roughly hewn altar of Beogh.
 14971 | D:12     | Noticed a two-headed ogre
 14986 | D:11     | Killed a two-headed ogre
 14986 | D:11     | Reached skill level 15 in Armour
 15179 | D:12     | Reached skill level 16 in Axes
 15483 | D:12     | Reached XP level 12. HP: 92/94 MP: 11/11
 15613 | D:12     | Reached ****** piety under Trog
 15686 | D:12     | Found a runed translucent gate.
 15686 | D:12     | Found a runed translucent gate.
 15686 | D:12     | Found a runed translucent gate.
 15826 | D:12     | Identified the cursed +0 scale mail "Engymn" {Regen+}
 15827 | D:12     | Noticed MackTheFife's ghost (journeyman OgFi)
 16101 | D:13     | Noticed Erolcha
 16101 | D:13     | Noticed a two-headed ogre
 16116 | D:12     | Killed a two-headed ogre
 16346 | D:13     | Killed Erolcha
 16346 | D:13     | Received a gift from Trog
 16585 | D:13     | Found a shadowy altar of Dithmenos.
 16595 | D:13     | Reached skill level 17 in Axes
 17557 | D:13     | Reached skill level 18 in Axes
 18154 | D:14     | Noticed a centaur warrior
 18248 | D:13     | Killed a centaur warrior
 18496 | D:14     | Reached XP level 13. HP: 57/100 MP: 12/12
 18500 | D:14     | HP: 4/100 [white ugly thing (13)]
 18501 | D:14     | Mangled by a white ugly thing

Illustrated notes

Levels and vault maps discovered:
D:1:      lightli_arrival_chessboard, layout_rooms, moated_statue
D:2:      cheibrodos_fertilizer, layout_basic, lemuel_doored_altar,
          grunt_qazlal_clouds, nicolae_overflow_crystal_walls,
          chequers_ecumenical_altar_twisty, uniq_terence, uniq_jessica
D:3:      layout_loops_ring, cheibrodos_sewer_entry_drain
D:4:      kennysheep_big_flooded_room, layout_loops_ring, minmay_rat_hole,
          uniq_blork_the_orc, uniq_robin, uniq_ijyb
D:5:      layout_gridville, first_ration, uniq_pikel, uniq_menkaure
D:6:      layout_basic, minmay_temple_entry_junction_2, serial_shops,
          nicolae_shop_waterfront, minmay_misc_feat_four_crosses,
          dk_noncrumbling_2
D:7:      layout_loops_cross, nicolae_overflow_hidden_temple, kennysheep_mini,
          overflow_temple_1_default, grunt_temple_overflow_open, uniq_duvessa,
          uniq_crazy_yiuf_cottage, uniq_joseph
D:8:      layout_cave_pools, serial_shops, nicolae_shop_waterfront, uniq_erica
D:9:      layout_roguey, kennysheep_little_box, amethyst_overflow_temple_binary,
          grunt_ogre_cave, lightli_orcish_oven
D:10:     layout_stronghold, minmay_lair_entry_grove, serial_shops,
          nicolae_shop_window_shopping, uniq_nergalle, uniq_maurice
D:11:     layout_long_grid, minmay_orc_entry_temple_small
D:12:     layout_long_grid, gammafunk_ghost_nasty_kobolds, hive_lemuel
D:13:     layout_gridville, nicolae_dithmenos_through_a_glass_darkly,
          uniq_erolcha
D:14:     minmay_two_paths, layout_irregular_city, grunt_vaults_entry_fortified,
          fedhas_altar_2, serial_shops, shop, shop_scrolls,
          serial_bayou_lagoon_a, hangedman_abyss_or_decor_passed, uniq_roxanne,
          uniq_rupert

Skill      XL: |  1  2  3  4  5  6  7  8  9 10 11 12 |
---------------+-------------------------------------+-----
Fighting       | 4 5 |  5.0
Axes           | 4 5 6 9 10 12 14 16 18 | 18.5
Armour         | 3 4 5 8 9 12 13 15 16 | 16.4
Dodging        | |  2.3

Action                   |  1- 3 |  4- 6 |  7- 9 | 10-12 | 13-15 || total
-------------------------+-------+-------+-------+-------+-------++-------
Melee: Hand axe          |    60 |   190 |   404 |    68 |       ||   722
       Headbutt          |     8 |    31 |    66 |   104 |     1 ||   210
       Whip              |       |       |    47 |       |       ||    47
       Kick              |       |       |    13 |   143 |     1 ||   157
       War axe           |       |       |       |    83 |       ||    83
       Battleaxe         |       |       |       |   475 |     3 ||   478
Invok: Berserk           |     1 |     3 |     3 |     3 |       ||    10
       Trog's Hand       |     1 |       |       |     1 |       ||     2
  Use: Scroll            |       |     9 |     7 |     3 |       ||    19
       Potion            |       |       |     6 |     1 |     1 ||     8
 Stab: Sleeping          |     2 |       |       |       |       ||     2
  Eat: Chunk             |     1 |     8 |    19 |    33 |       ||    61
       Ration            |       |     1 |       |       |       ||     1
Armor: Animal skin       |     9 |    22 |       |       |       ||    31
       Chain mail        |       |    51 |    28 |       |       ||    79
       Plate armour      |       |       |   199 |   452 |       ||   651
       Skin              |       |       |    42 |       |       ||    42
Dodge: Dodged            |    42 |   120 |   102 |   243 |     1 ||   508
Block: Kite shield       |       |       |   140 |    75 |       ||   215
